 Dungeon Crawl Stone Soup version 0.25-a0-87-ga3d287b (webtiles) character file.

Game seed: 5333895819372631106, levelgen mode: deterministic

2256 BoppinsLewinski the Cleaver (level 9, -1/79 HPs)
             Began as a Minotaur Monk on Nov 11, 2019.
             Slain by an orc warrior
             ... wielding a +0 war axe
              (13 damage)
             ... in a bailey.
             The game lasted 00:14:40 (4907 turns).

BoppinsLewinski the Cleaver (Minotaur Monk)         Turns: 4907, Time: 00:14:40

Health: -1/79      AC: 14    Str: 19    XL:     9   Next: 15%
Magic:  8/8        EV:  9    Int:  7    God:
Gold:   284        SH:  0    Dex: 13    Spells: 8/8 levels left

rFire    + . .     SeeInvis .   a - +0 hand axe
rCold    x . .     Gourm    .   (no shield)
rNeg     . . .     Faith    .   e - +0 plate armour
rPois    +         Spirit   .   (helmet restricted)
rElec    .         Reflect  .   (no cloak)
rCorr    .         Harm     .   (no gloves)
MR       .....                  k - +0 pair of boots
Stlth    ..........             (no amulet)
HPRegen  0.23/turn              q - ring of fire
MPRegen  0.11/turn              i - ring of flight

@: no status effects
A: retaliatory headbutt, horns 2, blink, poison resistance, screaming 1, subdued
magic 1
a: Blink, Evoke Flight


You were in a bailey.
You were not hungry.

You visited 1 branch of the dungeon, and saw 8 of its levels.
You also visited: Bailey.

You collected 284 gold pieces.

Inventory:

Hand Weapons
 a - a +0 hand axe (weapon)
Armour
 e - a +0 plate armour (worn)
 k - a +0 pair of boots (worn)
 l - a +1 scale mail of cold resistance
Jewellery
 i - a ring of flight (right hand)
 q - a ring of fire (left hand)
Scrolls
 b - 2 scrolls of identify
 f - 4 scrolls of remove curse
 g - 2 scrolls of fog
 o - a scroll of amnesia {unknown}
 r - a scroll of blinking {unknown}
 s - a scroll of teleportation
Potions
 h - 3 potions of mutation
 j - a potion of magic
Comestibles
 c - 9 rations


   Skills:
 + Level 7.5 Fighting
 * Level 9.9 Axes
 + Level 6.2 Armour
 + Level 6.9 Dodging
 - Level 1.5 Stealth


You had 8 spell levels left.
You didn't know any spells.
Your spell library was empty.

Dungeon Overview and Level Annotations

Branches:
Dungeon (9/15)             Bailey (1/1)
 Temple: D:4-7         Lair: D:8-11         Orc: D:9-12

Altars:
Hepliaklqana
Okawaru
Ru
Xom


Innate Abilities, Weirdness & Mutations

You reflexively headbutt those who attack you in melee.
You have a pair of horns on your head.
You can translocate small distances at will.
Your system is resistant to poisons. (rPois)
You occasionally shout uncontrollably at your foes.
Your spells are a little easier to cast, but a little less powerful.


Message History

Tha orc warrior hits ye wit' a +0 war axe.
* * * LOW HITPOINT WARNIN'
* * * Unknown command.
Ye hit tha orc warrior.
Tha orc warrior be almost dead.
Tha orc warrior hits ye wit' a +0 war axe!
* * * LOW HITPOINT WARNIN'
* * * Unknown command.
Ye hit tha orc warrior but do nay damage.
Ye headbutt tha orc warrior, but do nay damage.
Tha orc warrior be almost dead.
Unknown command.
Ye closely miss tha orc warrior.
Tha orc warrior be almost dead.
Tha orc warrior closely misses ye.
Unknown command.
Ye hit tha orc warrior but do nay damage.
Tha orc warrior be almost dead.
Tha orc warrior hits ye wit' a +0 war axe!
Ye die...

####.....## ###.......##
####......∩..#
####.............#
###.........≈≈≈≈≈≈≈≈#
##.......≈≈≈≈≈≈≈≈≈≈≈≈≈≈
##......≈≈≈≈≈#########≈≈≈
#.....≈≈≈≈≈≈∩#.gKgK..#K≈≈≈
#≈≈≈≈≈≈≈≈≈(@####..oo...#
##≈ ≈≈≈≈≈≈≈≈≈(..o.#KK#
##'###
#≈≈≈≈≈≈#..(...###Kooo ..
#########.()(.# '..###
.......# #..# ....⌠..g
#..# ........ #'## #......


You could see an orc warrior.

Vanquished Creatures
  A two-headed ogre (D:8)
  An orc warrior (Bailey)
  A black bear (D:7)
  2 ogres (D:8)
  A phantom (D:4)
  A centaur (D:5)
  A crocodile (D:7)
  A big kobold (D:8)
  A gnoll sergeant (D:7)
  A scorpion (D:4)
  2 killer bees (D:7)
  3 crimson imps
  A hound (D:7)
  3 orc wizards
  2 bullfrog skeletons
  An orc priest (D:4)
  Terence (D:2)
  2 iguanas
  2 worker ants
  A hound skeleton (D:8)
  6 gnolls
  12 adders
  An adder zombie (D:4)
  An adder skeleton (D:7)
  5 worms
  2 dart slugs
  29 orcs
  10 ball pythons (D:3)
  5 giant cockroaches
  11 goblins
  6 hobgoblins
  16 kobolds
  4 quokkas (D:3)
  9 bats
  3 frilled lizards (D:4)
  3 rats
152 creatures vanquished.

Notes
Turn   | Place    | Note
-------+----------+-------------------------------------------
     0 | D:1      | BoppinsLewinski the Minotaur Monk began the quest for the
                  | Orb.
     0 | D:1      | Reached XP level 1. HP: 19/19 MP: 0/0
   430 | D:1      | Reached skill level 4 in Axes
   430 | D:1      | Reached XP level 2. HP: 25/27 MP: 1/1
   719 | D:2      | Reached skill level 1 in Armour
   801 | D:2      | Noticed Terence
   817 | D:2      | Gained mutation: You can translocate small distances at
                  | will. [potion of mutation]
   817 | D:2      | Gained mutation: You occasionally shout uncontrollably at
                  | your foes. [potion of mutation]
   817 | D:2      | Gained mutation: Your spells are a little easier to cast,
                  | but a little less powerful. [potion of mutation]
   817 | D:2      | Gained mutation: Your system is resistant to poisons.
                  | (rPois) [potion of mutation]
   822 | D:2      | Killed Terence
   822 | D:2      | Reached XP level 3. HP: 13/33 MP: 2/2
  1496 | D:2      | You fall into a shaft and drop 1 floor!
  1504 | D:3      | Reached XP level 4. HP: 40/40 MP: 3/3
  1808 | D:3      | Reached skill level 5 in Axes
  2004 | D:2      | Found an iron altar of Okawaru.
  2375 | D:3      | Reached XP level 5. HP: 47/47 MP: 4/4
  2478 | D:3      | Found a sacrificial altar of Ru.
  3072 | D:4      | Noticed a phantom
  3087 | D:4      | Killed a phantom
  3087 | D:4      | Reached XP level 6. HP: 23/55 MP: 5/5
  3161 | D:4      | Reached skill level 5 in Fighting
  3165 | D:4      | Reached skill level 6 in Axes
  3490 | D:4      | Found a shimmering altar of Xom.
  3792 | D:5      | Entered Level 5 of the Dungeon
  3848 | D:5      | Reached skill level 5 in Dodging
  3848 | D:5      | Reached XP level 7. HP: 57/61 MP: 6/6
  3901 | D:5      | Reached skill level 7 in Axes
  3952 | D:5      | You fall into a shaft and drop 3 floors!
  4058 | D:7      | Reached XP level 8. HP: 17/70 MP: 7/7
  4059 | D:7      | You fall into a shaft and drop 2 floors!
  4060 | D:9      | Found a hazy altar of Hepliaklqana.
  4069 | D:8      | Reached skill level 8 in Axes
  4078 | D:8      | Reached skill level 5 in Armour
  4341 | D:8      | Noticed a two-headed ogre
  4352 | D:8      | Killed a two-headed ogre
  4352 | D:8      | Reached skill level 9 in Axes
  4411 | D:7      | Reached XP level 9. HP: 43/79 MP: 8/8
  4595 | D:7      | Found a flagged portal.
  4601 | Bailey   | Entered a bailey
  4907 | Bailey   | Slain by an orc warrior

Levels and vault maps discovered:
D:1:      sevenhm_arrival_forest_fort_small_3, layout_loops_ring, hex_tiny
D:2:      layout_loops_corners, okawaru_metal_pillars_1_2, uniq_terence
D:3:      wad_woods_tower, layout_loops_cross, old_standard_altar, first_ration,
          kennysheep_another_room, minivault_19, minmay_snake_closets
D:4:      layout_rooms, brannock_xom_greatest_gift
D:5:      layout_loops_cross, kennysheep_small_square, uniq_crazy_yiuf_cottage,
          uniq_eustachio
D:7:      layout_cave_pools, lemuel_round_altar, minmay_temple_entry_mist,
          serial_shops, shop, enter_bailey_3
D:8:      layout_cave_pools
D:9:      layout_roguey, kiku_gazebo_garden_becter,
          nicolae_overflow_hidden_temple, basic_altar
Bailey:   bailey_axe_4, bailey

Skill      XL: |  1  2  3  4  5  6  7  8 |
---------------+-------------------------+-----
Axes           | 4 5 6 7 9 |  9.9
Armour         | 1 2 3 4 6 |  6.2
Fighting       | 4 5 6 7 |  7.5
Dodging        | 4 5 6 |  6.9
Stealth        | |  1.5

Action                   |  1- 3 |  4- 6 |  7- 9 || total
-------------------------+-------+-------+-------++-------
Melee: Hand axe          |    72 |   206 |   136 ||   414
       Headbutt          |    10 |    39 |    39 ||    88
 Abil: Evoke Flight      |       |       |     1 ||     1
Evoke: Wand              |       |     2 |     9 ||    11
  Use: Potion            |     3 |     2 |     9 ||    14
       Scroll            |       |     1 |     4 ||     5
 Stab: Sleeping          |     1 |       |       ||     1
       Fleeing           |       |       |     1 ||     1
  Eat: Chunk             |     2 |     3 |     2 ||     7
       Ration            |       |     1 |     1 ||     2
Armor: Robe              |     5 |       |       ||     5
       Ring mail         |     7 |       |       ||     7
       Scale mail        |    15 |    84 |    69 ||   168
       Plate armour      |       |       |    40 ||    40
Dodge: Dodged            |    50 |    95 |   184 ||   329

Table legend:
 A = Non-vault XP
 B = Vault XP
 C = Vault XP percentage of total XP
 D = Non-vault monster count
 E = Vault monster count
 F = Vault count percentage of total count
                 A         B        C        D         E       F
            +---------+---------+-------+---------+---------+-------
      Total |    2927 |     297 |   9.2 |     119 |      33 |  21.7
            +---------+---------+-------+---------+---------+-------
        D:1 |      21 |       0 |   0.0 |      12 |       0 |   0.0
        D:2 |      37 |      36 |  49.3 |      14 |       1 |   6.7
        D:3 |      83 |     103 |  55.4 |      20 |      18 |  47.4
        D:4 |     363 |       0 |   0.0 |      29 |       0 |   0.0
        D:5 |     317 |       0 |   0.0 |       8 |       0 |   0.0
        D:7 |     722 |       7 |   1.0 |      25 |       4 |  13.8
        D:8 |    1382 |       0 |   0.0 |      10 |       0 |   0.0
        D:9 |       2 |       0 |   0.0 |       1 |       0 |   0.0
     Bailey |       0 |     151 | 100.0 |       0 |      10 | 100.0
            +---------+---------+-------+---------+---------+-------
